 Dungeon Crawl Stone Soup version 0.27.0-1-g7a089689b8 (webtiles) character file.

Game seed: 737477132117376314

3936 horus123 the Thaumaturge (level 10, -8/52 HPs)
             Began as a Deep Elf Conjurer on Aug 4, 2021.
             Was a Follower of Yredelemnul.
             Mangled by a black mamba (10 damage)
             ... on level 8 of the Dungeon.
             The game lasted 00:36:19 (9966 turns).

horus123 the Thaumaturge (Deep Elf Conjurer)        Turns: 9966, Time: 00:36:19

Health: -8/52      AC:  6    Str:  7    XL:     10   Next: 1%
Magic:  1/28       EV: 15    Int: 27    God:    Yredelemnul [*.....]
Gold:   243        SH:  0    Dex: 19    Spells: 18/33 levels left

rFire    . . .     SeeInvis .   t - +4 dagger of the Past {freeze, rPois Str+3}
rCold    . . .     Faith    .   (no shield)
rNeg     . . .     Spirit   .   s - +0 steam dragon scales
rPois    +         Reflect  .   (no helmet)
rElec    .         Harm     .   q - scarf {shadows}
rCorr    .         Rampage  .   (no gloves)
Will     ++...                  x - +0 pair of boots
Stlth    +++.......             h - amulet of regeneration
HPRegen  1.17/turn              g - ring of willpower
MPRegen  0.21/turn              r - +6 ring of dexterity

@: no status effects
A: no striking features
a: Renounce Religion, Animate Remains


You were on level 8 of the Dungeon.
You worshipped Yredelemnul.
Yredelemnul was aware of your devotion.
You visited 2 branches of the dungeon, and saw 9 of its levels.

You collected 443 gold pieces.
You spent 200 gold pieces at shops.

Inventory:

Hand Weapons
 t - the +4 dagger of the Past (weapon) {freeze, rPois Str+3}
   (You found it on level 5 of the Dungeon)

   It freezes those it strikes, dealing additional cold damage.
   It can also slow down cold-blooded creatures.
   Str:       It affects your strength (+3).
   rPois:     It protects you from poison.
Armour
 a - a +0 robe
 q - a scarf of shadows (worn)
 s - +0 steam dragon scales (worn)
 x - a +0 pair of boots (worn)
Magical Staves
 f - a staff of earth
 p - a staff of cold
Jewellery
 g - a ring of willpower (left hand)
 h - an amulet of regeneration (around neck)
 k - an amulet of faith
 r - a +6 ring of dexterity (right hand)
 y - a ring of protection from fire
Wands
 z - a wand of charming (8)
 B - a wand of paralysis (14)
Scrolls
 b - 3 scrolls of teleportation
 j - 2 scrolls of noise
 m - 4 scrolls of amnesia
 u - a scroll of magic mapping {unknown}
 v - 2 scrolls of identify
 w - a scroll of summoning {unknown}
Potions
 c - 5 potions of might
 d - a potion of flight
 e - 7 potions of curing
 i - a potion of mutation {unknown}
 l - 5 potions of heal wounds
 n - a potion of cancellation {unknown}
 o - a potion of magic {unknown}
 C - a potion of attraction {unknown}


   Skills:
 + Level 1.6 Fighting
 + Level 4.8 Dodging
 + Level 4.6 Stealth
 + Level 12.4 Spellcasting
 + Level 9.7 Conjurations
 + Level 1.6 Hexes
 + Level 3.3 Summonings
 + Level 3.8 Translocations


You had 18 spell levels left.
You knew the following spells:

 Your Spells              Type           Power      Damage    Failure   Level
a - Magic Dart            Conj           100%       1d8       1%          1
b - Searing Ray           Conj           100%       3d7       1%          2
c - Dazzling Flash        Conj/Hex       94%        N/A       1%          3
d - Blink                 Tloc           N/A        N/A       1%          2
e - Fulminant Prism       Conj/Hex       23%        3d13      3%          4
f - Call Canine Familiar  Summ           34%        N/A       2%          3

Your spell library contained the following spells:

 Spells                   Type           Power      Damage    Failure   Level
 Lesser Beckoning         Tloc           18%        N/A       1%          3
 Iskenderun's Mystic Bla  Conj/Tloc      52%        2d11      1%          4
 Portal Projectile        Hex/Tloc       62%        N/A       3%          3
 Summon Ice Beast         Ice/Summ       25%        N/A       17%         4
 Manifold Assault         Tloc           37%        N/A       19%         5
 Leda's Liquefaction      Hex/Erth       10%        N/A       24%         4
 Summon Mana Viper        Hex/Summ       30%        N/A       32%         5
 Lee's Rapid Deconstruct  Erth           8%         3d8*      67%         5
 Malign Gateway           Summ/Tloc      18%        N/A       100%        7
 Monstrous Menagerie      Summ           17%        N/A       100%        7
 Summon Horrible Things   Summ           17%        N/A       100%        8


Dungeon Overview and Level Annotations

Branches:
Dungeon (8/15)             Temple (0/1) D:5            Lair (1/6) D:8

Altars:
Elyvilon
Hepliaklqana
Vehumet
Wu Jian
Yredelemnul

Shops:
D:7 *   D:8 =*


Message History

The black mamba completely misses your fulminant prism.
The black mamba bites your fulminant prism.
Your fulminant prism crackles loudly.
The black mamba bites your fulminant prism.
Your fulminant prism explodes!
The blast of energy engulfs your acid dragon zombie!
Your acid dragon zombie is almost destroyed.
The blast of energy engulfs the black mamba.
The black mamba is lightly wounded.
You are too injured to fight recklessly!
Aiming: Magic Dart (safe; 1% risk of failure)
Press: ? - help, Q - select action, (/) - cycle Shift-Dir - straight line, f - acid dragon zombie
Aim: an acid dragon zombie (almost destroyed, 100% to hit)
The magic dart hits the acid dragon zombie but does no damage.
The acid dragon zombie is almost destroyed.
The black mamba completely misses you. The black mamba bites you!
* * * LOW HITPOINT WARNING * * *
Casting: Magic Dart (safe; 1% risk of failure)
Confirm with . or Enter, or press ? or * to list all spells.
You blink.
Casting: Blink (safe; 1% risk of failure)
Confirm with . or Enter, or press ? or * to list all spells.
Aiming: Fulminant Prism (dangerous; 3% risk of failure)
Press: ? - help, Dir - move target You conjure a prism of explosive energy!
A fulminant prism comes into view.
Your fulminant prism crackles loudly.
You are too injured to fight recklessly!
You don't have enough magic to cast this spell.
Unknown command.
Your fulminant prism explodes!
The blast of energy engulfs the acid dragon zombie!!
You destroy the acid dragon zombie!
That felt strangely unrewarding.
The black mamba bites you!
* * * LOW HITPOINT WARNING * * *
The black mamba bites you!
You die...
Your body rises from the dead as a mindless zombie.

#####...#........#.......###..###
...##..#.........##.....[.......#
.......#...................#....#
.......#..................###....
..........................###....
.##.....Z..............#.........
###.....#.............####.......
#....(.##..............#........
##..#...#.###..@................
#####...## #.S..............#..
##..# #####.........####.. #.##
#.....##...####.. #.#
#....###......... #.# ###.##
#......... #.## #....###^........
#..# ##.Z###....###.... ##>#
#..#####.####.#...


You could see a black mamba.

Vanquished Creatures
  Maggie (D:8)
  A troll (D:8)
  A hornet (D:8)
  A wyvern (Lair:1)
  2 steam dragons
  2 water moccasins
  An acid dragon (D:8)
  2 black bears (D:5)
  2 sky beasts (D:6)
  A necrophage (D:4)
  An ogre (D:5)
  A centaur (D:6)
  2 bullfrogs (D:8)
  A gnoll sergeant (D:7)
  2 scorpions (D:5)
  A water moccasin skeleton (D:7)
  18 wights
  A howler monkey (D:8)
  A vampire bat (D:4)
  3 hounds
  3 centaur zombies
  A jelly (D:5)
  3 orc priests
  A centaur skeleton (D:4)
  Jessica (D:2)
  Natasha (thrice) (D:2)
  An orc wizard (D:7)
  A howler monkey zombie (D:8)
  8 gnolls
  5 adders
  2 white imps
  2 ufetubi
  A dart slug (D:2)
  3 fire bats (D:4)
  15 orcs
  2 spectral bats (D:4)
  An acid dragon zombie (D:8)
  10 ball pythons
  3 bat skeletons (D:4)
  A bat zombie (D:4)
  7 endoplasms
  2 giant cockroaches
  7 goblins
  4 hobgoblins
  8 jackals
  5 kobolds
  2 quokkas (D:1)
  12 bats
  A bat simulacrum (D:4)
  3 frilled lizards (D:1)
  2 rats (D:1)
  A wyvern zombie (Lair:1)
166 creatures vanquished.

Vanquished Creatures (collateral kills)
  A white imp (D:8)
  An orc (D:7)
2 creatures vanquished.

Vanquished Creatures (others)
  18 fulminant prisms
  3 fungi (Lair:1)
  8 plants
29 creatures vanquished.

Grand Total: 197 creatures vanquished

Notes
Turn   | Place    | Note
-------+----------+-------------------------------------------
     0 | D:1      | horus123 the Deep Elf Conjurer began the quest for the Orb.
     0 | D:1      | Reached XP level 1. HP: 10/10 MP: 6/6
   222 | D:1      | Reached XP level 2. HP: 15/15 MP: 4/8
   286 | D:1      | Learned a level 2 spell: Searing Ray
   530 | D:1      | Found a faded altar of an unknown god.
   540 | D:1      | Reached skill level 5 in Conjurations
   749 | D:1      | Reached XP level 3. HP: 19/19 MP: 6/9
   829 | D:1      | Learned a level 3 spell: Dazzling Flash
  1307 | D:2      | Noticed Natasha
  1312 | D:2      | Killed Natasha
  1481 | D:2      | Reached XP level 4. HP: 18/24 MP: 5/11
  1485 | D:2      | Reached skill level 4 in Spellcasting
  1587 | D:2      | Noticed Natasha
  2001 | D:2      | Killed Natasha
  2075 | D:2      | Noticed Natasha
  2083 | D:2      | Killed Natasha
  2084 | D:2      | Reached XP level 5. HP: 13/28 MP: 6/13
  2441 | D:2      | Noticed Jessica
  2448 | D:2      | Killed Jessica
  2449 | D:2      | Reached skill level 1 in Fighting
  2996 | D:3      | Learned a level 2 spell: Blink
  3825 | D:3      | Found a hazy altar of Hepliaklqana.
  3939 | D:4      | Noticed a necrophage
  3947 | D:4      | Killed a necrophage
  3948 | D:4      | Reached skill level 5 in Spellcasting
  3948 | D:4      | Reached XP level 6. HP: 29/34 MP: 4/15
  4031 | D:4      | You fall into a shaft and drop 2 floors!
  4213 | D:6      | Reached skill level 6 in Spellcasting
  4224 | D:6      | Reached XP level 7. HP: 38/38 MP: 5/19
  4339 | D:5      | Entered Level 5 of the Dungeon
  4360 | D:5      | Reached skill level 7 in Spellcasting
  4484 | D:5      | Reached skill level 1 in Translocations
  4835 | D:4      | Reached skill level 8 in Spellcasting
  5236 | D:4      | Found a basalt altar of Yredelemnul.
  5312 | D:4      | Reached XP level 8. HP: 43/43 MP: 16/22
  5937 | D:4      | Became a worshipper of Yredelemnul the Dark
  6014 | D:5      | Reached skill level 9 in Spellcasting
  6099 | D:5      | Learned a level 4 spell: Fulminant Prism
  6422 | D:5      | Found a staircase to the Ecumenical Temple.
  6677 | D:5      | Identified the +4 dagger of the Past {freeze, rPois Str+3}
  6707 | D:6      | Reached skill level 10 in Spellcasting
  6742 | D:6      | Reached XP level 9. HP: 47/47 MP: 6/25
  7499 | D:7      | Reached skill level 11 in Spellcasting
  7617 | D:7      | Learned a level 3 spell: Call Canine Familiar
  7969 | D:7      | Found Rilen's Assorted Antiques.
  7975 | D:7      | Bought a potion of heal wounds for 100 gold pieces
  7975 | D:7      | Bought a potion of heal wounds for 100 gold pieces
  8356 | D:7      | Reached skill level 1 in Summonings
  9045 | D:8      | Found Yfoypt's Gadget Gallery.
  9046 | D:8      | Found Saskaani's Jewellery Emporium.
  9164 | D:8      | Found a radiant altar of Vehumet.
  9192 | D:8      | Noticed Maggie
  9202 | D:8      | Killed Maggie
  9203 | D:8      | Reached skill level 1 in Hexes
  9384 | D:8      | Reached * piety under Yredelemnul
  9385 | D:8      | Reached skill level 12 in Spellcasting
  9392 | D:8      | Noticed a troll
  9398 | D:8      | Killed a troll
  9409 | D:8      | Found an ornate altar of the Wu Jian Council.
  9550 | D:8      | Found a staircase to the Lair.
  9723 | D:8      | Found a white marble altar of Elyvilon.
  9895 | Lair:1   | Entered Level 1 of the Lair of Beasts
  9909 | Lair:1   | Reached XP level 10. HP: 52/52 MP: 20/28
  9914 | Lair:1   | Noticed a cane toad
  9915 | Lair:1   | Noticed a six-headed hydra
  9924 | Lair:1   | Noticed a black mamba
  9933 | Lair:1   | Noticed a cane toad
  9966 | D:8      | HP: 2/52 [black mamba (13)]
  9966 | D:8      | Mangled by a black mamba

Illustrated notes

Levels and vault maps discovered:
D:1:      matt_arrival_los_fun, layout_loops_ring,
          hellmonk_ecumenical_altar_lost_god, serial_forest,
          infiniplex_forest_lined_3_way, infiniplex_forest_straight_4,
          infiniplex_forest_zigzag_1, infiniplex_forest_lined_2,
          infiniplex_forest_end_double, infiniplex_forest_clump_double,
          infiniplex_forest_clump_diagonal
D:2:      layout_basic, uniq_jessica, uniq_natasha
D:3:      layout_loops_ring, marbit_many_paths, chequers_jeans,
          kennysheep_cross_room
D:4:      layout_cave_pods, lemuel_tele_altar, goddamned_bats
D:5:      layout_rooms, minmay_temple_entry_mist
D:6:      layout_basic, enter_ossuary_1
D:7:      layout_loops_corners, serial_shops, shop
D:8:      layout_cave_pools, mainiacjoe_overflow_cross_hatched,
          grunt_temple_overflow_open, lair_entry_dummy, serial_shops, shop,
          nicolae_shop_gadgets, uniq_maggie
Lair:1:   layout_misc_corridors, minmay_lair_oklob_chamber

Skill      XL: |  1  2  3  4  5  6  7  8  9 |
---------------+----------------------------+-----
Conjurations   | 5 6 7 8 9 |  9.7
Stealth        | 3 4 |  4.6
Spellcasting   | 4 5 6 8 10 12 | 12.4
Dodging        | 3 4 |  4.8
Fighting       | 1 |  1.6
Translocations | 1 2 3 |  3.8
Summonings     | 3 |  3.3
Hexes          | 1 |  1.6

Action                   |  1- 3 |  4- 6 |  7- 9 | 10-12 || total
-------------------------+-------+-------+-------+-------++-------
Melee: Unarmed           |       |     3 |       |       ||     3
       Dagger            |       |       |     2 |       ||     2
 Cast: Magic Dart        |    59 |    52 |   120 |     1 ||   232
       Searing Ray       |     4 |    12 |    44 |       ||    60
       Blink             |       |     5 |    15 |     3 ||    23
       Dazzling Flash    |       |     4 |     1 |       ||     5
       Fulminant Prism   |       |       |    13 |     5 ||    18
       Call Canine Famil |       |       |    12 |     1 ||    13
Invok: Animate Remains   |       |       |     1 |     1 ||     2
  Use: Scroll            |       |     4 |     5 |     1 ||    10
Armor: Robe              |     1 |     5 |    16 |       ||    22
       Steam dragon scal |       |       |     5 |     1 ||     6
Dodge: Dodged            |     1 |    24 |    71 |    13 ||   109
